 Dungeon Crawl Stone Soup version 0.28.0-53-g5a82cb258f (webtiles) character file.

Game seed: 14119412431692171789

59 Descartes the Shield-Bearer (level 4, 0/37 HPs)
             Began as a Formicid Fighter on July 24, 2022.
             Slain by a black bear (7 damage)
             ... on level 2 of the Dungeon.
             The game lasted 00:01:13 (1077 turns).

Descartes the Shield-Bearer (Formicid Fighter)      Turns: 1077, Time: 00:01:14

Health: 0/37       AC:  7    Str: 22    XL:     4   Next: 22%
Magic:  4/4        EV:  9    Int:  8    God:
Gold:   31         SH:  4    Dex: 10    Spells: 3/3 levels left

rFire   . . .      SeeInvis +   a - +0 war axe
rCold   . . .      Faith    .   c - +0 buckler
rNeg    . . .      Spirit   .   b - +0 scale mail
rPois   .          Reflect  .   (helmet unavailable)
rElec   .          Harm     .   (no cloak)
rCorr   .          Rampage  .   (no gloves)
Will    .....                   (no boots)
Stlth   ..........              (no amulet)
HPRegen 0.12/turn               (no ring)
MPRegen 0.09/turn               (no ring)

@: no status effects
A: permanent stasis, dig shafts and tunnels, antennae 3, four strong arms
a: Dig, Shaft Self


You were on level 2 of the Dungeon.
You visited 1 branch of the dungeon, and saw 2 of its levels.

You collected 31 gold pieces.

Inventory:

Hand Weapons
 a - a +0 war axe (weapon)
Armour
 b - a +0 scale mail (worn)
 c - a +0 buckler (worn)
Wands
 f - a wand of iceblast (6)
Scrolls
 e - a scroll of identify {unknown}
 h - a scroll of teleportation {unknown}
Potions
 d - a potion of might
 g - a potion of heal wounds {unknown}
 i - a potion of curing {unknown}


   Skills:
 + Level 3.9 Fighting
 + Level 2.6 Axes
 + Level 3.9 Armour
 + Level 4.2 Shields


You had 3 spell levels left.
You didn't know any spells.
Your spell library contained the following spells:

 Spells                   Type           Power      Damage    Failure   Level
 Sublimation of Blood     Necr           0%         N/A       90%         2
 Petrify                  Tmut/Erth      0%         N/A       100%        4
 Irradiate                Conj/Tmut      0%         3d13      100%        5


Dungeon Overview and Level Annotations

Branches:
Dungeon (1/15)

Altars:


Innate Abilities, Weirdness & Mutations

You cannot be hasted, slowed, berserked, paralysed or teleported.
You can dig through walls and to a lower floor.
You have a pair of large antennae on your head. (SInv)
Your four strong arms can wield two-handed weapons with a shield.


Message History

No target in view!
No target in view!
No target in view!
No target in view!
A black bear comes into view.
The black bear growls angrily.
The black bear completely misses you. The black bear claws you.
You block the black bear's attack.
You slash the black bear!
The black bear is moderately wounded.
The black bear bites you but does no damage.
The black bear closely misses you.
The black bear claws you but does no damage.
You completely miss the black bear.
The black bear is moderately wounded.
The black bear misses you. x2; The black bear barely misses you.
The black bear bites you but does no damage.
The black bear claws you but does no damage.
The black bear barely misses you.
You slash the black bear!
The black bear is severely wounded.
The black bear barely misses you. The black bear claws you. x2
You barely miss the black bear.
The black bear is severely wounded.
The black bear completely misses you. The black bear claws you.
The black bear claws you but does no damage.
The black bear bites you.
The black bear claws you but does no damage.
You block the black bear's attack.
You slash the black bear!
The black bear is almost dead.
The black bear goes berserk!
You barely miss the black bear.
The black bear is almost dead.
The black bear bites you! The black bear claws you.
* * * LOW HITPOINT WARNING * * *
The black bear claws you.
* * * LOW HITPOINT WARNING * * *
The black bear bites you!
You die...

.# #.# #.# #.#
...########..# .#
#.###.###.#
#....+.........# .#
#...'.'...#
#....########.## .#
#####.#####
#....#.....##.# .#
#.# #..#.#.###.##.# .
#+#######.##.#.#
#.##.#
...........#.###.##.#
#.#......#<..#...##.#
......h@.....#.####.#
########.###.#.# #.#
#.....#.####.#
#.###.#......# #.#
..######## #.# #.#
#.. ..# ###


You could see a black bear (berserk).

Vanquished Creatures
  Robin (D:2)
  An adder (D:2)
  A dart slug (D:2)
  2 worms (D:2)
  3 ball pythons (D:2)
  An endoplasm (D:2)
  10 goblins (D:2)
  4 jackals (D:2)
  A kobold (D:2)
  3 bats (D:2)
  3 frilled lizards
  A rat (D:2)
31 creatures vanquished.

Notes
Turn   | Place    | Note
-------+----------+-------------------------------------------
     0 | D:1      | Descartes the Formicid Fighter began the quest for the Orb.
     0 | D:1      | Reached XP level 1. HP: 18/18 MP: 1/1
    54 | D:1      | You fall into a shaft and drop 1 floor!
   307 | D:2      | Reached XP level 2. HP: 24/24 MP: 2/2
   334 | D:2      | Noticed Robin
   341 | D:2      | Reached skill level 4 in Shields
   341 | D:2      | Reached XP level 3. HP: 19/29 MP: 3/3
   350 | D:2      | Killed Robin
   777 | D:2      | Reached XP level 4. HP: 37/37 MP: 4/4
  1068 | D:2      | Noticed a black bear
  1077 | D:2      | Slain by a black bear

Illustrated notes

Levels and vault maps discovered:
D:1:      lemuel_arrival_funnel, layout_loops_ring, serial_rivers,
          chequers_serial_rivers_micro_b, chequers_serial_rivers_micro_c,
          chequers_serial_rivers_micro_c, chequers_serial_rivers_large_b,
          chequers_serial_rivers_marsh
D:2:      layout_basic, wad_woods_river_04, minmay_misc_feat_roman,
          minmay_door_square, uniq_sigmund, uniq_robin

Skill      XL: |  1  2 |
---------------+-------+-----
Shields        | 4 |  4.2
Fighting       | |  3.9
Axes           | |  2.6
Armour         | |  3.9

Action                   |  1- 3 |  4- 6 || total
-------------------------+-------+-------++-------
Melee: War axe           |    79 |    22 ||   101
Armor: Scale mail        |    48 |    10 ||    58
Dodge: Dodged            |    34 |    13 ||    47
Block: Buckler           |    18 |     4 ||    22
